Map: Catalyst LE

Players

Beastyqt

  • Race: Terran Terran
  • League: Grandmaster
  • Spawn Location: 11:00

A.I. 1 (Very Easy) - Winner!

  • Race: Zerg Zerg
  • Spawn Location: 5:00

VOD

https://www.youtube.com/watch?v=naV9pLTW_zA&feature=youtu.be

Description

Time

  • Played on: Nov. 23, 2017, 11:15 a.m.
  • Length: 14:56
Show
View Real Time Build Order
Export as new Build Order

Beastyqt Terran 

Build Orders: Gas First Reaper Expand, Hellion Opening, Reaper Expand, Mech 

Get SALT Encoding   

  12  0:00  SCV  
  13  0:13  SCV  
  14  0:18  Supply Depot  
  14  0:25  SCV  
  15  0:30  Refinery  
  15  0:39  SCV  
  16  0:45  Barracks  
  16  0:51  SCV  
  17  1:04  SCV  
  18  1:16  SCV  
  19  1:31  Orbital Command  
  19  1:32  Reaper  
  20  1:44  Command Center  
  20  1:56  Factory  
  20  1:59  SCV  
  21  2:08  Barracks Reactor  
  21  2:11  SCV  
  21  2:12  Supply Depot  
  22  2:23  SCV, Refinery  
  23  2:35  SCV  
  24  2:45  Starport  
  24  2:47  SCV  
  24  2:50  Hellion x2  
  29  2:58  Barracks Tech Lab  
  29  2:59  SCV  
  29  3:00  Orbital Command  
  30  3:12  SCV  
  31  3:15  Hellion x2  
  35  3:24  SCV  
  35  3:25  SCV  
  37  3:29  Viking  
  38  3:36  Hellion, Supply Depot  
  38  3:38  SCV  
  41  3:42  Hellion  
  41  3:43  SCV  
  44  3:51  SCV  
  44  3:52  Supply Depot  
  46  3:55  SCV  
  46  3:58  Supply Depot  
  46  3:59  Raven  
  48  4:04  SCV, Hellion  
  48  4:07  SCV  
  54  4:10  Hellion  
  54  4:15  Supply Depot  
  54  4:16  SCV  
  55  4:19  SCV  
  56  4:26  Hellion  
  56  4:28  SCV  
  56  4:29  Armory  
  61  4:31  Hellion  
  61  4:32  SCV  
  62  4:38  Supply Depot  
  62  4:40  SCV  
  62  4:44  SCV  
  64  4:51  Command Center  
  64  4:52  SCV  
  65  4:55  Hellion  
  65  4:56  Hellion  
  65  4:58  SCV  
  70  5:04  SCV  
  71  5:08  Supply Depot  
  71  5:10  Refinery  
  71  5:11  SCV, Refinery  
  71  5:13  Banshee  
  75  5:16  SCV  
  75  5:19  Hellion x2  
  80  5:23  SCV  
  80  5:28  Supply Depot  
  81  5:32  Barracks Tech Lab  
  81  5:34  SCV  
  82  5:37  Factory  
  82  5:38  Factory  
  82  5:40  SCV  
  83  5:42  Supply Depot  
  83  5:45  Armory  
  83  5:46  SCV  
  83  5:48  Terran Vehicle Weapons Level 1  
  84  5:52  Hellion  
  84  5:55  Hellion  
  88  5:58  SCV  
  90  6:04  SCV  
  90  6:09  Starport Reactor  
  90  6:12  SCV, Supply Depot  
  90  6:15  Supply Depot  
  90  6:17  SCV  
  92  6:20  Hellion x2  
  97  6:29  SCV  
  97  6:30  Thor  
  104  6:34  Thor  
  104  6:37  Orbital Command  
  110  6:42  Terran Vehicle And Ship Armor Level 1, SCV  
  110  6:46  SCV  
  111  6:47  Supply Depot  
  111  6:51  Medivac x2  
  115  6:54  SCV  
  115  6:57  Hellion  
  115  6:58  SCV, Supply Depot  
  115  6:59  Hellion  
  121  7:03  Refinery  
  121  7:05  SCV  
  121  7:06  SCV, Refinery  
  121  7:08  Infernal Pre-Igniter  
  123  7:10  SCV  
  124  7:17  SCV  
  124  7:19  Siege Tank  
  124  7:21  Supply Depot, Siege Tank  
  131  7:27  SCV  
  132  7:30  SCV  
  132  7:31  SCV  
  132  7:34  Hellion x2  
  138  7:39  SCV  
  138  7:40  Factory  
  138  7:42  SCV, Factory  
  138  7:43  SCV  
  141  7:44  Liberator  
  142  7:51  SCV  
  142  7:53  Siege Tank  
  142  7:54  Hellion, SCV  
  142  7:55  SCV  
  147  8:01  Hellion x2  
  147  8:04  SCV  
  155  8:15  SCV, Barracks Tech Lab  
  155  8:18  Supply Depot  
  156  8:20  Command Center  
  156  8:22  Engineering Bay  
  156  8:23  Supply Depot, Terran Vehicle Weapons Level 2  
  156  8:24  Supply Depot  
  156  8:28  SCV  
  156  8:29  Factory Tech Lab  
  156  8:33  Supply Depot  
  156  8:34  Supply Depot  
  157  8:37  Siege Tank x2  
  157  8:38  Hellion  
  157  8:40  Hellion  
  167  8:42  Supply Depot  
  167  8:43  Supply Depot  
  167  8:50  Corvid Reactor  
  167  8:52  Raven  
  167  8:53  Siege Tank  
  167  8:54  Hellion x2  
  176  8:58  Supply Depot  
  176  8:59  Hellion, Missile Turret  
  176  9:01  Hellion  
  180  9:12  Siege Tank x2  
  180  9:15  Hellion x2  
  190  9:18  Missile Turret x3, Refinery  
  190  9:20  Refinery  
  190  9:26  Hellion x2  
  190  9:31  Siege Tank  
  197  9:34  Terran Vehicle And Ship Armor Level 2  
  197  9:36  Hellion  
  199  9:44  Command Center  
  199  10:02  Planetary Fortress  
Show
View Real Time Build Order
Export as new Build Order

A.I. 1 (Very Easy) Zerg - Winner!

Build Orders: Hatch First 

Get SALT Encoding   

  12  0:01  Drone  
  13  0:12  Overlord  
  13  0:17  Drone  
  14  0:44  Hatchery  
  14  0:46  Drone  
  14  1:04  Spawning Pool  
  14  1:06  Extractor  
  14  1:09  Drone  
  13  1:16  Drone  
  14  1:22  Overlord  
  14  1:52  Zergling x2  
  14  1:53  Queen  
  17  1:54  Zergling x2  
  18  2:04  Roach Warren  
  18  2:05  Extractor  
  16  2:09  Drone  
  17  2:16  Drone  
  17  2:19  Zergling x2  
  19  2:24  Drone  
  20  2:31  Drone  
  21  2:38  Drone  
  22  2:46  Drone  
  23  2:53  Drone  
  24  3:00  Drone  
  24  3:03  Roach  
  27  3:07  Drone  
  27  3:16  Overlord  
  27  3:20  Drone  
  28  3:27  Lair  
  28  3:28  Drone  
  29  3:42  Drone  
  29  3:46  Roach  
  32  3:49  Drone  
  33  3:56  Drone  
  34  4:03  Drone  
  35  4:11  Drone  
  35  4:12  Overlord  
  36  4:18  Drone  
  37  4:25  Drone  
  37  4:27  Overseer  
  37  4:28  Overseer  
  37  4:30  Roach, Ravager  
  41  4:32  Drone  
  42  4:40  Drone  
  43  4:47  Drone  
  44  4:53  Extractor  
  44  4:54  Drone  
  44  5:00  Extractor  
  44  5:01  Drone  
  44  5:08  Drone  
  44  5:10  Overlord  
  45  5:16  Drone  
  46  5:23  Drone  
  46  5:24  Zergling x2  
  46  5:30  Drone  
  47  5:37  Drone  
  48  5:44  Drone  
  49  5:51  Drone  
  50  6:07  Zergling x2  
  51  7:11  Overseer, Overlord  
  51  7:49  Zergling x2  
  43  8:00  Overseer  
  43  8:01  Overlord  
  43  8:02  Queen  
  43  8:19  Overlord  
  43  8:32  Zergling x2  
  44  8:54  Queen  
  44  9:01  Zergling x2  
  45  9:30  Zergling x2  
  46  9:45  Queen  
  46  9:58  Zergling x2, Drone  
  46  10:06  Drone  
  41  10:13  Drone  
  36  10:20  Drone  
  31  10:24  Queen, Pneumatized Carapace  
  31  10:25  Overseer  
  31  10:27  Zergling x2, Evolution Chamber, Drone  
  23  10:56  Drone  
  25  11:03  Drone  
  24  11:06  Queen  
  24  11:11  Drone  
  25  11:18  Drone  
  26  11:24  Roach  
  26  11:25  Drone  
  28  11:32  Drone  
  28  11:39  Drone  
  27  11:47  Drone  
  28  11:49  Queen  
  28  11:53  Roach  
  29  11:54  Drone  
  30  12:01  Drone  
  29  12:08  Drone  
  29  12:15  Drone  
  29  12:21  Roach  
  31  12:23  Drone  
  31  12:28  Queen  
  31  12:30  Drone  
  31  12:37  Drone  
  31  12:44  Drone  
  31  12:51  Infestation Pit  
  30  12:52  Drone  
  29  12:59  Drone, Hydralisk Den  
  29  13:00  Roach  
  30  13:06  Queen  
  30  13:07  Drone  
  31  13:14  Drone  
  31  13:21  Drone  
  31  13:28  Drone  
  31  13:29  Roach  
  30  13:42  Drone  
  30  13:44  Hive  
  30  13:46  Queen  
  30  13:50  Drone  
  29  13:57  Hydralisk  
  29  14:04  Drone  
  29  14:11  Drone  
  29  14:27  Drone  
  31  14:31  Overseer  
  31  14:34  Drone  
  27  14:43  Drone  
Tags
 
Add a new tag
Caveats
  • Supply blocks, unpowered buildings, or Contaminate may cause inaccurate times.
  • Supply counts are checked every 10 seconds.